Map: Oceanborn LE

Players

REDFURY - Winner!

  • Race: Terran Terran
  • League: Diamond
  • Spawn Location: 11:00

Subwayeatn

  • Race: Zerg Zerg
  • League: Platinum
  • Spawn Location: 5:00

VOD

Have the link to the VOD?

Description

Time

  • Played on: Nov. 14, 2023, 9:58 a.m.
  • Length: 10:29
Show
View Real Time Build Order
Export as new Build Order

REDFURY Terran - Winner!

Build Orders: Gas First Reaper Expand 

Get SALT Encoding   

  12  0:00  SCV  
  13  0:12  SCV  
  14  0:17  Supply Depot  
  14  0:24  SCV  
  15  0:28  Refinery  
  15  0:39  SCV  
  16  0:45  Barracks  
  16  0:51  SCV  
  17  1:03  SCV  
  18  1:15  SCV  
  19  1:31  Orbital Command  
  19  1:32  Reaper  
  20  1:43  Command Center  
  20  1:57  SCV  
  20  2:00  Factory  
  21  2:08  Supply Depot  
  21  2:19  SCV  
  21  2:21  Refinery  
  22  2:23  Barracks Reactor  
  22  2:40  SCV  
  23  2:53  SCV  
  23  2:54  Orbital Command  
  24  3:04  Hellion  
  24  3:05  Hellion, SCV  
  29  3:12  Barracks Tech Lab  
  29  3:20  SCV  
  29  3:26  Ghost Academy  
  30  3:30  Hellion x2  
  30  3:31  SCV  
  30  3:32  Armory  
  35  3:50  SCV  
  35  3:55  SCV  
  37  4:00  Ghost  
  37  4:01  Hellion x2  
  43  4:09  Supply Depot  
  42  4:18  SCV  
  42  4:23  Barracks  
  43  4:25  SCV  
  43  4:26  Starport  
  43  4:29  Ghost  
  43  4:30  SCV  
  47  4:32  Supply Depot  
  47  4:37  SCV  
  48  4:40  Factory Tech Lab  
  48  4:44  Engineering Bay  
  48  4:45  Engineering Bay  
  48  4:51  Engineering Bay  
  48  4:53  Refinery  
  48  4:55  Refinery  
  48  5:03  SCV  
  48  5:05  Siege Tank  
  52  5:07  Marine  
  52  5:08  Stimpack  
  52  5:09  SCV  
  52  5:12  Starport Reactor  
  54  5:16  SCV  
  55  5:22  SCV  
  56  5:29  SCV  
  56  5:33  Marine  
  56  5:50  Marine  
  57  6:05  SCV  
  57  6:06  Terran Infantry Armor Level 1  
  57  6:07  Marine, Terran Infantry Weapons Level 1  
  57  6:08  Marine x2  
  61  6:13  Supply Depot  
  61  6:14  Supply Depot  
  61  6:16  Command Center  
  61  6:31  Siege Tank, Medivac x2  
  56  6:37  Marine x2  
  56  6:47  SCV x2  
  56  6:52  Barracks  
  56  6:54  Supply Depot, Barracks, Marine  
  58  6:55  Supply Depot  
  58  6:59  SCV  
  60  7:10  Siege Tank  
  63  7:16  Medivac x2  
  63  7:19  Combat Shield  
  63  7:20  Marine x2  
  63  7:21  Marine  
  70  7:24  Supply Depot  
  70  7:25  Supply Depot  
  70  7:28  SCV  
  71  7:39  Marine  
  72  7:45  Siege Tank  
  72  7:47  Barracks Reactor  
  72  7:48  Barracks Reactor  
  72  7:50  Orbital Command  
  75  7:52  Marine  
  75  7:53  Marine  
  75  7:54  Viking x2  
  75  7:57  Marine  
  82  8:00  Refinery  
  82  8:05  Refinery  
  82  8:08  SCV x2  
  84  8:14  Marine x3  
  87  8:20  SCV  
  87  8:24  Medivac x2  
  92  8:32  Marine  
  93  8:44  Marine x5  
  93  8:45  Marine  
  99  8:49  Marine  
  99  8:54  Liberator x2  
  106  9:02  Marine  
  107  9:03  Marauder  
  98  9:15  Marine x4  
  98  9:16  Marine  
  103  9:20  Marine  
  104  9:24  Marauder, SCV  
  104  9:25  SCV x2  
  109  9:33  Marine x4  
  109  9:36  SCV  
  109  9:37  SCV x2  
  116  9:46  Marauder  
  116  9:49  SCV x2  
  106  10:07  Marauder  
Show
View Real Time Build Order
Export as new Build Order

Subwayeatn Zerg 

Build Orders: Hatch First 

Get SALT Encoding   

  12  0:00  Drone  
  13  0:13  Overlord  
  13  0:18  Drone  
  14  0:31  Drone x2  
  16  0:50  Hatchery  
  16  0:55  Drone  
  17  0:57  Drone  
  17  0:59  Drone  
  17  1:03  Extractor  
  17  1:17  Spawning Pool  
  16  1:21  Drone  
  16  1:22  Drone  
  18  1:28  Drone  
  19  1:39  Drone  
  20  1:50  Overlord  
  20  2:04  Queen x2  
  24  2:10  Zergling x4  
  24  2:12  Metabolic Boost  
  26  2:20  Drone x2  
  26  2:22  Drone  
  29  2:27  Drone  
  30  2:40  Drone x2  
  32  2:45  Queen x2  
  32  2:51  Overlord  
  36  2:56  Overlord  
  36  3:05  Extractor x2  
  35  3:09  Drone x4  
  38  3:20  Drone x2  
  38  3:21  Drone x2  
  42  3:46  Drone x4  
  46  3:49  Baneling Nest  
  46  3:50  Overlord  
  45  3:57  Drone  
  45  3:58  Drone x6  
  52  4:10  Hatchery  
  51  4:21  Lair  
  51  4:22  Overlord  
  51  4:25  Overlord  
  51  4:26  Drone x2  
  51  4:27  Drone x3  
  56  4:42  Queen  
  58  4:51  Extractor  
  58  4:52  Drone x8  
  65  5:03  Spine Crawler  
  65  5:06  Evolution Chamber  
  63  5:07  Zergling x4, Evolution Chamber  
  63  5:08  Zergling x4  
  66  5:17  Queen  
  66  5:19  Drone  
  66  5:20  Drone x2  
  71  5:30  Drone x5  
  76  5:40  Zergling x4  
  72  5:43  Spine Crawler  
  72  5:48  Zergling x12  
  72  5:49  Zergling x6  
  78  5:54  Zerg Melee Weapons Level 1  
  78  5:55  Zerg Ground Armor Level 1  
  73  6:02  Zergling x2  
  73  6:03  Zergling x4  
  75  6:08  Baneling x8  
  75  6:09  Baneling x2  
  75  6:10  Centrifugal Hooks  
  75  6:18  Spore Crawler  
  74  6:24  Spire  
  57  6:45  Drone x8  
  57  6:46  Drone, Hatchery  
  65  6:55  Drone  
  65  6:57  Hatchery, Hydralisk Den  
  64  7:03  Queen x2  
  68  7:19  Spore Crawler  
  68  7:20  Spore Crawler  
  66  7:23  Drone x11, Spore Crawler  
  66  7:27  Grooved Spines  
  75  7:45  Overlord x3  
  75  8:03  Queen x2  
  79  8:07  Zergling x14  
  79  8:08  Zergling x4  
  79  8:10  Overseer  
  88  8:17  Muscular Augments  
  88  8:19  Zergling x2  
  92  8:20  Zergling x12  
  95  8:27  Baneling  
  95  8:28  Baneling x17  
  95  8:29  Zergling x2  
  95  8:33  Spore Crawler  
  95  8:34  Overlord x2  
  95  8:39  Pneumatized Carapace  
  94  8:42  Zergling x2  
  94  8:43  Zergling x6  
  96  8:52  Overlord x4  
  96  8:53  Overlord  
  96  8:55  Zergling x8  
  80  9:10  Zergling x6  
  80  9:15  Baneling x7  
  80  9:16  Zergling x8  
  80  9:17  Zergling x2  
  87  9:29  Zergling x4  
  88  9:37  Zergling x2  
  88  9:43  Zergling x2  
  89  9:53  Zergling x8  
  89  9:54  Zergling x8  
  89  9:55  Hatchery  
Tags
 
Add a new tag
Caveats
  • Supply blocks, unpowered buildings, or Contaminate may cause inaccurate times.
  • Supply counts are checked every 10 seconds.